 Dungeon Crawl Stone Soup version 0.28-a0-1389-gc726bef (webtiles) character file.

Game seed: 893916645710995776

1384 Ayyar the Cudgeller (level 8, -2/51 HPs)
             Began as a Gargoyle Fighter on Jan 3, 2022.
             Was an Initiate of Makhleb.
             Slain by a sun demon (18 damage)
             ... summoned by a kobold demonologist
             ... on level 6 of the Dungeon.
             The game lasted 00:22:56 (7158 turns).

Ayyar the Cudgeller (Gargoyle Fighter)              Turns: 7158, Time: 00:22:57

Health: -2/51      AC: 17    Str: 22    XL:     8   Next: 67%
Magic:  19/19      EV:  9    Int: 21    God:    Makhleb [......]
Gold:   25         SH:  6    Dex: 18    Spells: 7/7 levels left

rFire   x . .      SeeInvis .   A - +6 morningstar of the Philosopher {venom, rF- MP+9 Dex+4}
rCold   . . .      Faith    .   c - +0 buckler
rNeg    + . .      Spirit   .   b - +0 scale mail
rPois   ∞          Reflect  .   m - +2 helmet
rElec   +          Harm     .   (no cloak)
rCorr   .          Rampage  .   (no gloves)
Will    .....                   w - +0 pair of boots of Liycatoh {Int+6 Dex+5}
Stlth   ..........              (no amulet)
HPRegen 0.17/turn               f - +6 ring of intelligence
MPRegen 0.16/turn               (no ring)

@: no status effects
A: sickness immunity, AC +5, negative energy resistance 1, electricity
resistance, torment resistance 1, petrification resistance
a: Renounce Religion


You were on level 6 of the Dungeon.
You worshipped Makhleb.
Makhleb was noncommittal.
You visited 1 branch of the dungeon, and saw 6 of its levels.

You collected 250 gold pieces.
You spent 225 gold pieces at shops.

Inventory:

Hand Weapons
 a - a +0 flail
 A - the +6 morningstar of the Philosopher (weapon) {venom, rF- MP+9 Dex+4}
   (You bought it in a shop on level 1 of the Dungeon)

   It poisons the flesh of those it strikes.
   Dex:       It affects your dexterity (+4).
   rF:        It makes you vulnerable to fire.
   MP:        It affects your magic capacity (+9).
Missiles
 z - 9 poisoned darts (quivered)
Armour
 b - a +0 scale mail (worn)
 c - a +0 buckler (worn)
 m - a +2 helmet (worn)
 w - the +0 pair of boots of Liycatoh (worn) {Int+6 Dex+5}
   (You found it on level 5 of the Dungeon)

   Int:       It affects your intelligence (+6).
   Dex:       It affects your dexterity (+5).
Jewellery
 f - a +6 ring of intelligence (left hand)
Wands
 y - a wand of paralysis (4)
Scrolls
 g - 2 scrolls of enchant armour
 h - a scroll of enchant weapon {unknown}
 i - a scroll of fear {unknown}
 j - a scroll of brand weapon {unknown}
 l - a scroll of identify
 n - a scroll of holy word {unknown}
 o - a scroll of vulnerability {unknown}
 p - a scroll of noise {unknown}
 q - 2 scrolls of amnesia
 s - 2 scrolls of teleportation {unknown}
 t - a scroll of immolation {unknown}
 u - a scroll of blinking {unknown}
 C - a scroll of magic mapping {unknown}
 D - 3 scrolls of fog {unknown}
Potions
 d - a potion of heal wounds
 e - 3 potions of flight
 k - a potion of mutation {unknown}
 r - 2 potions of brilliance {unknown}
 v - 2 potions of haste
 x - a potion of ambrosia {unknown}
 B - a potion of curing {unknown}


   Skills:
 + Level 5.7 Fighting
 * Level 6.4 Maces & Flails
 + Level 1.3 Throwing
 + Level 5.6 Armour
 + Level 5.7 Shields
 + Level 3.2 Invocations
 + Level 0.1 Evocations


You had 7 spell levels left.
You didn't know any spells.
Your spell library contained the following spells:

 Spells                   Type           Power      Damage    Failure   Level
 Apportation              Tloc           0%         N/A       41%         1
 Beastly Appendage        Tmut           0%         N/A       41%         1
 Corpse Rot               Necr/Air       0%         N/A       54%         2
 Poisonous Vapours        Pois/Air       0%         N/A       54%         2
 Wereblood                Tmut           0%         N/A       54%         2
 Spider Form              Tmut/Pois      0%         N/A       78%         3
 Alistair's Intoxication  Tmut/Pois      0%         N/A       100%        5


Dungeon Overview and Level Annotations

Branches:
Dungeon (6/15)             Temple (0/1) D:4

Altars:
Fedhas
Makhleb
Ru
Uskayaw
Zin

Shops:
D:1 *

Annotations:
D:3 3 runed translucent doors, exclusion: 3 doors, danspanner's ghost, amateur NaWz; jorbis's ghost, amateur DsCK; mbeke's ghost, amateur DEEE
D:5 Pikel


Innate Abilities, Weirdness & Mutations

You are immune to sickness and miasma.
Your stone body is resilient. (AC +5)
You are immune to poison.
You resist negative energy. (rN+)
You are resistant to electric shocks. (rElec)
You are resistant to unholy torment.
You are immune to petrification.


Message History

The wyvern zombie barely misses you.
The wyvern zombie bites you but does no damage.
You barely miss the wyvern zombie.
The wyvern zombie is severely damaged.
The wyvern zombie bites you but does no damage.
You barely miss the wyvern zombie.
The wyvern zombie is severely damaged.
The wyvern zombie barely misses you. The wyvern zombie bites you.
You puncture the wyvern zombie!
You destroy the wyvern zombie!
Makhleb accepts your kill.
No target in view!
An adder comes into view.
The adder hisses angrily.
You bludgeon the adder!!
You kill the adder!
Makhleb accepts your kill.
No target in view!
HP restored.
An orc comes into view. It is wielding a +0 club.
The orc shouts!
Throw: 10 darts (poison)
Press: ? - help, Q - select action, (/) - cycle Shift-Dir - straight line, f - orc
Aim: an orc, wielding a +0 club (63% to hit)
You throw a poisoned dart. The poisoned dart hits the orc.
The orc is poisoned.
A kobold demonologist comes into view. It is wielding a +0 dagger.
The kobold demonologist shouts!
You closely miss the orc.
The orc is heavily wounded.
The kobold demonologist mumbles some strange words.
You block the orc's attack.
You sock the orc!
You kill the orc!
Makhleb accepts your kill.
The kobold demonologist casts a spell.
You closely miss the sun demon. The sun demon hits you.
You are engulfed in flames!!
The fire burns you terribly!
You feel much better. The sun demon hits you!!
You are engulfed in flames!!
The fire burns you terribly!
You die...

......#.# ##.≈..#
.####.#.# ##≈#.#
## #.#.# #≈#.#
#####.#.######≈#.#
÷............###.#
############.# #.#
# #.# # #.# # #@#
# #3# # #K# .3#
#.. ... ##( .#


You could see a sun demon (summoned), a kobold demonologist and a neqoxec
(summoned).

Vanquished Creatures
  A troll (D:6)
  Grinder (D:3)
  Menkaure (D:5)
  The ghost of arb the Conjurer, an amateur HuCj of Vehumet (D:4)
  A hornet zombie (D:5)
  A phantom (D:4)
  3 lemures
  2 scorpions (D:4)
  A wyvern zombie (D:6)
  2 hounds
  2 bullfrog skeletons (D:5)
  Ijyb (D:5)
  2 iguanas
  An orc wizard (D:3)
  2 hound skeletons (D:4)
  Robin (D:3)
  3 adders
  A howler monkey skeleton (D:5)
  A white imp (D:5)
  3 worms
  2 dart slugs (D:2)
  6 orcs
  4 endoplasms
  A giant cockroach (D:2)
  21 goblins
  5 hobgoblins
  2 jackals (D:3)
  4 quokkas
  8 ball pythons
  4 bats
  3 frilled lizards
  6 kobolds
  4 rats
101 creatures vanquished.

Notes
Turn   | Place    | Note
-------+----------+-------------------------------------------
     0 | D:1      | Ayyar the Gargoyle Fighter began the quest for the Orb.
     0 | D:1      | Reached XP level 1. HP: 14/14 MP: 1/1
   408 | D:1      | Reached XP level 2. HP: 18/19 MP: 2/2
   782 | D:1      | Found a faded altar of an unknown god.
   998 | D:1      | Found Usonah's Assorted Antiques.
  1532 | D:2      | Reached XP level 3. HP: 23/23 MP: 3/3
  1831 | D:2      | You fall into a shaft and drop 1 floor!
  2416 | D:3      | Found a burning altar of Makhleb.
  2558 | D:3      | Found a runed translucent gate.
  2559 | D:3      | Found a runed translucent gate.
  2559 | D:3      | Found a runed translucent gate.
  2561 | D:3      | Noticed danspanner's ghost (amateur NaWz)
  2561 | D:3      | Noticed jorbis's ghost (amateur DsCK)
  2561 | D:3      | Noticed mbeke's ghost (amateur DEEE)
  2613 | D:3      | Reached XP level 4. HP: 27/29 MP: 4/4
  2636 | D:3      | Found a blossoming altar of Fedhas.
  2637 | D:3      | Noticed Grinder
  2661 | D:3      | Paralysed by Grinder for 2 turns
  2665 | D:3      | Paralysed by Grinder for 3 turns
  2668 | D:3      | Killed Grinder
  2669 | D:3      | Reached skill level 4 in Maces & Flails
  2669 | D:3      | Reached XP level 5. HP: 12/34 MP: 5/5
  2669 | D:3      | Reached XP level 6. HP: 14/39 MP: 6/6
  3126 | D:3      | Noticed Robin
  3142 | D:3      | Killed Robin
  3432 | D:3      | Found a hide-covered altar of Uskayaw.
  3464 | D:3      | Found a sacrificial altar of Ru.
  4142 | D:3      | Became a worshipper of Makhleb the Destroyer
  4366 | D:4      | Noticed arb's ghost (amateur HuCj)
  4369 | D:4      | Found a runed translucent door.
  4397 | D:4      | Found a staircase to the Ecumenical Temple.
  4411 | D:4      | Reached skill level 1 in Invocations
  4411 | D:4      | Reached XP level 7. HP: 32/44 MP: 7/7
  4879 | D:4      | Reached skill level 5 in Maces & Flails
  5008 | D:4      | Reached skill level 5 in Fighting
  5331 | D:5      | Entered Level 5 of the Dungeon
  5404 | D:5      | Noticed Pikel
  5491 | D:5      | Identified the +0 pair of boots of Liycatoh {Int+6 Dex+5}
  5546 | D:5      | Reached skill level 5 in Armour
  5546 | D:5      | Reached skill level 5 in Shields
  5682 | D:5      | Noticed Menkaure
  5858 | D:5      | Found a glowing silver altar of Zin.
  6084 | D:5      | Killed Menkaure
  6218 | D:5      | Noticed Ijyb
  6245 | D:5      | Killed Ijyb
  6246 | D:5      | Reached XP level 8. HP: 45/49 MP: 9/9
  6548 | D:1      | Bought an encrusted morningstar for 225 gold pieces
  6548 | D:1      | Identified the +6 morningstar of the Philosopher {venom,
                  | rF- MP+9 Dex+4} (You bought it in a shop on level 1 of the
                  | Dungeon)
  6664 | D:4      | Killed arb's ghost
  6775 | D:5      | Reached skill level 6 in Maces & Flails
  6866 | D:6      | Noticed a troll
  6872 | D:6      | Killed a troll
  6873 | D:6      | Reached skill level 1 in Throwing
  7150 | D:6      | Noticed a kobold demonologist
  7157 | D:6      | Noticed a sun demon
  7158 | D:6      | Slain by a sun demon

Illustrated notes

Levels and vault maps discovered:
D:1:      lemuel_arrival_lava_pool, layout_basic,
          shapermc_ecumenical_altar_ellora, serial_shops, nicolae_diamond_shop,
          palyth_stone_intersect, roderic_filled_cross, st_stairs_14
D:2:      layout_loops_ring
D:3:      layout_basic, lightli_temple_of_fire, mainiacjoe_overflow_alcove_4,
          hangedman_ru_absence, old_standard_altar, gammafunk_ghost_cemetery,
          uniq_grinder, uniq_robin
D:4:      corexii_shack_village, layout_loops_ring, tgw_sif,
          minmay_temple_entry_statues_fountains, hellmonk_ghost_happy_afterlife
D:5:      layout_rooms, mainiacjoe_overflow_six_doors_small, uniq_menkaure,
          uniq_ijyb, uniq_pikel
D:6:      layout_loops_ring, chequers_serial_rivers_micro_b,
          minmay_manual_monolith, uniq_eustachio

Skill      XL: |  1  2  3  4  5  6  7  8 |
---------------+-------------------------+-----
Fighting       | 4 5 |  5.7
Maces & Flails | 4 5 6 |  6.4
Armour         | 4 5 |  5.6
Shields        | 4 5 |  5.7
Invocations    | 1 2 3 |  3.2
Throwing       | 1 |  1.3
Evocations     | |  0.1

Action                   |  1- 3 |  4- 6 |  7- 9 || total
-------------------------+-------+-------+-------++-------
Melee: Flail             |   148 |   141 |   179 ||   468
       Morningstar       |       |       |    27 ||    27
Throw: Dart              |       |       |     1 ||     1
Evoke: Wand              |       |       |     1 ||     1
  Use: Potion            |       |     1 |     1 ||     2
       Scroll            |       |       |     6 ||     6
Armor: Scale mail        |    91 |    70 |   101 ||   262
Dodge: Dodged            |    56 |    54 |    68 ||   178
Block: Buckler           |    27 |    25 |    45 ||    97

Table legend: (Time is in decaauts)
 A = Elapsed time spent in this place.
 B = Non-inter-level travel time spent in this place.
 C = Inter-level travel time spent in this place.
 D = Time resting spent in this place.
 E = Time spent auto-exploring this place.
 F = Levels seen in this place.
 G = Mean time per level.
                   A        B        C        D        E       F      G
               +--------+--------+--------+--------+--------+-----+--------+
         Total |   7268 |   6497 |    771 |    488 |   4835 |   6 | 1211.3 |
       Dungeon |   7268 |   6497 |    771 |    488 |   4835 |   6 | 1211.3 |
               +--------+--------+--------+--------+--------+-----+--------+

Top non-repeatable levels by time:
     D:3: 1819 daAuts
     D:4: 1694 daAuts
     D:1: 1526 daAuts
     D:5: 1187 daAuts
     D:2: 898 daAuts
     D:6: 142 daAuts
